Map: [ESL] Moondance

Players

ShaDoWn - Winner!

  • Race: Protoss Protoss
  • Spawn Location: 12:00

ForJumy

  • Race: Protoss Protoss
  • Spawn Location: 6:00

Event: DreamHack SC2 Masters 2022 Atlanta (Online)

VOD

Have the link to the VOD?

Description

Time

  • Played on: Sept. 28, 2022, 12:53 p.m.
  • Length: 8:18

All games in this series

Show
View Real Time Build Order
Export as new Build Order

ShaDoWn Protoss - Winner!

Build Orders:  

Get SALT Encoding   

  12  0:00  Probe  
  13  0:12  Probe  
  14  0:17  Pylon  
  14  0:25  Probe (Chrono Boost)  
  15  0:37  Probe (Chrono Boost)  
  15  0:38  Gateway  
  16  0:44  Probe (Chrono Boost)  
  16  0:47  Assimilator  
  17  0:51  Probe  
  18  0:58  Assimilator  
  18  1:03  Probe (Chrono Boost)  
  19  1:11  Gateway  
  19  1:15  Probe (Chrono Boost)  
  20  1:22  Probe (Chrono Boost)  
  21  1:26  Cybernetics Core  
  21  1:29  Probe  
  22  1:40  Pylon  
  22  1:41  Probe  
  23  1:58  Probe  
  23  2:00  Warp Gate (Chrono Boost)  
  24  2:02  Stalker x2  
  28  2:16  Pylon  
  28  2:25  Probe  
  29  2:32  Stalker  
  29  2:34  Stalker  
  32  2:54  Nexus  
  32  3:06  Gateway  
  32  3:07  Probe  
  32  3:12  Stalker (Chrono Boost)  
  36  3:22  Pylon  
  36  3:24  Probe  
  36  3:36  Probe  
  36  3:41  Stalker  
  39  3:45  Stalker  
  42  3:48  Probe  
  42  3:54  Twilight Council  
  42  4:01  Probe (Chrono Boost)  
  42  4:05  Sentry  
  42  4:06  Probe (Chrono Boost)  
  44  4:13  Stalker  
  44  4:16  Probe (Chrono Boost)  
  48  4:17  Probe (Chrono Boost)  
  50  4:24  Probe (Chrono Boost)  
  50  4:26  Probe (Chrono Boost)  
  50  4:30  Probe (Chrono Boost)  
  47  4:32  Probe (Chrono Boost)  
  47  4:36  Stalker x2  
  48  4:40  Probe  
  48  4:44  Probe  
  46  4:49  Dark Shrine  
  46  4:52  Probe  
  47  4:56  Probe  
  48  5:04  Probe  
  49  5:07  Adept x2  
  49  5:08  Probe  
  49  5:13  Blink (Chrono Boost)  
  54  5:16  Probe  
  55  5:26  Probe  
  55  5:27  Robotics Facility  
  56  5:32  Nexus  
  56  5:35  Assimilator  
  56  5:37  Probe  
  56  5:39  Probe  
  56  5:42  Pylon  
  58  5:49  Probe  
  55  5:57  Gateway  
  55  5:59  Pylon  
  55  6:01  Dark Templar  
  57  6:04  Dark Templar  
  57  6:08  Shield Battery  
  59  6:13  Immortal (Chrono Boost)  
  63  6:20  Shield Battery  
  63  6:23  Probe x2  
  65  6:35  Probe x2  
  65  6:37  Stalker x2  
  71  6:41  Pylon  
  71  6:43  Immortal (Chrono Boost)  
  75  6:54  Probe  
  75  6:56  Stalker  
  75  6:58  Probe  
  75  7:01  Probe  
  80  7:02  Stalker  
  80  7:03  Stalker  
  80  7:05  Shield Battery  
  84  7:12  Probe  
  84  7:14  Pylon  
  85  7:17  Probe  
  85  7:21  Observer (Chrono Boost)  
  87  7:23  Probe  
  87  7:26  Stalker x2  
  92  7:31  Probe  
  92  7:35  Shield Battery, Stalker  
  95  7:37  Probe  
  95  7:39  Immortal (Chrono Boost)  
  100  7:55  Stalker x2  
  100  7:57  Probe  
  105  7:58  Probe  
  105  8:02  Probe  
  100  8:10  Stalker  
Show
View Real Time Build Order
Export as new Build Order

ForJumy Protoss 

Build Orders:  

Get SALT Encoding   

  12  0:00  Probe  
  13  0:12  Probe  
  14  0:16  Pylon  
  14  0:24  Probe  
  15  0:34  Gateway  
  15  0:37  Probe (Chrono Boost)  
  16  0:46  Probe (Chrono Boost), Assimilator  
  17  0:51  Probe (Chrono Boost)  
  17  0:56  Assimilator  
  18  1:03  Probe (Chrono Boost)  
  19  1:09  Gateway  
  19  1:14  Probe (Chrono Boost)  
  20  1:19  Probe (Chrono Boost)  
  21  1:25  Cybernetics Core  
  21  1:31  Probe  
  22  1:39  Pylon  
  21  1:43  Probe  
  22  1:55  Probe  
  22  1:59  Warp Gate (Chrono Boost)  
  23  2:01  Adept  
  23  2:02  Adept  
  23  2:07  Probe  
  28  2:11  Pylon  
  28  2:19  Probe  
  29  2:31  Stalker  
  29  2:32  Stalker  
  29  2:36  Probe  
  34  2:58  Nexus  
  33  3:09  Sentry  
  33  3:10  Shield Battery  
  33  3:11  Sentry  
  37  3:18  Pylon  
  37  3:32  Robotics Facility  
  36  3:43  Stalker  
  36  3:45  Stalker  
  36  3:46  Probe  
  39  3:59  Probe (Chrono Boost)  
  38  4:10  Probe (Chrono Boost)  
  38  4:11  Probe (Chrono Boost)  
  38  4:14  Sentry  
  42  4:19  Shield Battery, Probe x2 (Chrono Boost)  
  42  4:22  Twilight Council  
  44  4:26  Probe  
  44  4:27  Probe, Stalker  
  43  4:39  Probe (Chrono Boost), Stalker  
  43  4:41  Probe (Chrono Boost)  
  38  4:49  Immortal  
  38  4:52  Probe (Chrono Boost)  
  43  4:55  Stalker  
  43  5:00  Probe  
  43  5:03  Stalker  
  43  5:05  Probe  
  45  5:12  Probe  
  46  5:19  Gateway  
  46  5:26  Shield Battery  
  46  5:28  Sentry  
  46  5:33  Gateway  
  46  5:34  Immortal (Chrono Boost)  
  48  5:41  Shield Battery  
  48  5:42  Probe  
  52  5:50  Resonating Glaives (Chrono Boost)  
  52  5:52  Probe  
  53  5:58  Gateway  
  53  6:00  Gateway  
  55  6:15  Sentry  
  55  6:18  Adept, Pylon  
  57  6:28  Probe x2  
  57  6:32  Observer (Chrono Boost)  
  59  6:36  Adept  
  59  6:37  Assimilator  
  61  6:43  Pylon  
  59  6:49  Warp Prism (Chrono Boost)  
  59  6:51  Probe  
  58  6:55  Adept x2  
  62  7:07  Adept x2  
  64  7:19  Adept x2  
  68  7:24  Observer (Chrono Boost)  
  69  7:34  Adept x2  
  70  7:42  Probe  
  70  7:48  Adept x2  
  74  7:53  Probe  
  71  8:04  Adept  
  71  8:05  Adept x2  
Tags
 
Add a new tag
Caveats
  • Supply blocks, unpowered buildings, or Contaminate may cause inaccurate times.
  • Supply counts are checked every 10 seconds.